 Dungeon Crawl Stone Soup version 0.27-a0-1597-ge58577e147 (webtiles) character file.

Game seed: 781051470864129102

447 DocSulfur the Changer (level 6, 0/47 HPs)
             Began as a Draconian Transmuter on July 21, 2021.
             Slain by an elf zombie (6 damage)
             ... in an ossuary.
             The game lasted 00:11:55 (3961 turns).

DocSulfur the Changer (Draconian Transmuter)        Turns: 3961, Time: 00:11:56

Health: 0/47       AC:  7    Str: 13    XL:     6   Next: 73%
Magic:  11/11      EV: 12    Int: 14    God:
Gold:   106        SH:  0    Dex: 12    Spells: 6/12 levels left

rFire    . . .     SeeInvis .     - Unarmed
rCold    . . .     Faith    .   (no shield)
rNeg     + . .     Spirit   .   (armour unavailable)
rPois    +         Reflect  .   (helmet restricted)
rElec    .         Harm     .   (no cloak)
rCorr    .         Rampage  .   (no gloves)
Will     .....                  j - +0 pair of boots
Stlth    +.........             (no amulet)
HPRegen  0.15/turn              g - ring of poison resistance
MPRegen  0.12/turn              h - ring of positive energy

@: marked
A: AC +6, unfitting armour, cold-blooded
a: no special abilities


You were in an ossuary.
You visited 1 branch of the dungeon, and saw 4 of its levels.
You also visited: Ossuary.

You collected 106 gold pieces.

Inventory:

Armour
 j - a +0 pair of boots (worn)
Jewellery
 e - a ring of resist corrosion
 g - a ring of poison resistance (left hand)
 h - a ring of positive energy (right hand)
Wands
 b - a wand of charming (9)
Scrolls
 d - a scroll of amnesia
 f - a scroll of teleportation
 k - a scroll of brand weapon
Potions
 a - 3 potions of mutation
 c - a potion of magic
 i - a potion of flight
 l - 2 potions of might {unknown}
 m - a potion of cancellation {unknown}
 n - a potion of invisibility


   Skills:
 - Level 1.3 Fighting
 - Level 2.3 Dodging
 - Level 3.0 Unarmed Combat
 + Level 3.7 Spellcasting
 + Level 4.2 Transmutations
 - Level 4.0 Poison Magic


You had 6 spell levels left.
You knew the following spells:

 Your Spells              Type           Power      Damage    Failure   Level
a - Beastly Appendage     Tmut           28%        N/A       3%          1
b - Spider Form           Tmut/Pois      7%         N/A       11%         3
c - Wereblood             Tmut           14%        N/A       5%          2

Your spell library contained the following spells:

 Spells                   Type           Power      Damage    Failure   Level
 Call Canine Familiar     Summ           2%         N/A       52%         3
 Portal Projectile        Hex/Tloc       4%         N/A       52%         3
 Ice Form                 Ice/Tmut       8%         N/A       63%         4
 Leda's Liquefaction      Hex/Erth       1%         N/A       89%         4


Dungeon Overview and Level Annotations

Branches:
Dungeon (4/15)            Ossuary (1/1)
 Temple: D:4-7

Altars:
Nemelex Xobeh

Annotations:
D:3 Grinder
D:4 Pikel


Innate Abilities, Weirdness & Mutations

Your plain brown scales are hard. (AC +6)
You cannot fit into any form of body armour.
You are cold-blooded and may be slowed by cold attacks.


Message History

The centaur zombie completely misses you.
The centaur zombie closely misses you.
You fade into invisibility!
The centaur zombie closely misses you.
The centaur zombie kicks you but does no damage.
You are very lightly contaminated with residual magic.
You hit the centaur zombie. You claw the centaur zombie.
You headbutt the centaur zombie.
The centaur zombie is almost destroyed.
The centaur zombie barely misses you. The centaur zombie misses you.
You hit the centaur zombie.
You destroy the centaur zombie!
The elf zombie hits you.
* * * LOW HITPOINT WARNING * * *
You catch the helpless elf zombie completely off-guard!
You hit the elf zombie.
The elf zombie is lightly damaged.
A jackal zombie comes into view.
Your transformation is almost over.
You flicker for a moment.
Your horns disappear.
Your talons disappear.
Your +0 pair of boots unmelds from your body.
The jackal zombie closely misses you.
Okay, then.
You flicker back into view.
The jackal zombie closely misses you. The jackal zombie closely misses you.
Your magical contamination has completely faded away.
The jackal zombie completely misses you.
The jackal zombie misses you. The jackal zombie bites you.
* * * LOW HITPOINT WARNING * * *
An elf zombie comes into view.
A mummy comes into view.
You barely miss the elf zombie. The jackal zombie closely misses you.
The elf zombie closely misses you. The jackal zombie bites you.
* * * LOW HITPOINT WARNING * * *
The jackal zombie closely misses you. x2
The elf zombie hits you.
You die...

#...#............#Z..#
#...#.####..####.#...#
#...#.#..#..#..#.#...#
#...#....#..#.Z..#...#
#...######..######...#
#....................#
#........8..8........#
#........Z...........#
#.......ZZ@..........#
######################


You could see a jackal zombie and 2 elf zombies.

Vanquished Creatures
  An elf zombie (Ossuary)
  A scorpion (D:4)
  A centaur zombie (Ossuary)
  A human zombie (Ossuary)
  A centaur skeleton (D:4)
  An orc priest (D:4)
  An orc wizard (D:4)
  A mummy (Ossuary)
  3 adders
  A howler monkey skeleton (D:4)
  An adder skeleton (D:4)
  2 worms
  2 dart slugs
  12 orcs (D:4)
  2 bats (D:1)
  6 endoplasms
  2 giant cockroaches
  4 goblins
  7 hobgoblins
  7 jackals
  8 kobolds
  5 quokkas
  6 ball pythons
  5 frilled lizards
  A goblin zombie (Ossuary)
  5 hobgoblin zombies (Ossuary)
  9 kobold zombies (Ossuary)
  10 orc zombies (Ossuary)
  5 rats
111 creatures vanquished.

Notes
Turn   | Place    | Note
-------+----------+-------------------------------------------
     0 | D:1      | DocSulfur the Draconian Transmuter began the quest for the
                  | Orb.
     0 | D:1      | Reached XP level 1. HP: 16/16 MP: 3/3
   310 | D:1      | Reached XP level 2. HP: 20/23 MP: 3/5
   407 | D:1      | Reached skill level 1 in Poison Magic
  1026 | D:2      | Reached XP level 3. HP: 15/28 MP: 4/6
  1058 | D:2      | Learned a level 2 spell: Wereblood
  1062 | D:2      | Learned a level 3 spell: Spider Form
  1678 | D:2      | Reached XP level 4. HP: 26/35 MP: 7/7
  2599 | D:3      | Noticed Grinder
  3047 | D:4      | Noticed a scorpion
  3064 | D:4      | Killed a scorpion
  3065 | D:4      | Reached XP level 5. HP: 17/40 MP: 9/9
  3081 | D:4      | Found a sparkling altar of Nemelex Xobeh.
  3407 | D:4      | Reached XP level 6. HP: 23/47 MP: 8/10
  3446 | D:4      | Noticed Pikel
  3464 | D:4      | Found a sand-covered staircase.
  3468 | Ossuary  | Entered an ossuary
  3915 | Ossuary  | HP: 1/47 [elf zombie (5)]
  3961 | Ossuary  | Slain by an elf zombie

Illustrated notes

Levels and vault maps discovered:
D:1:      nicolae_arrival_memento_mori, layout_rooms
D:2:      layout_rooms, minmay_pentomino_w2
D:3:      layout_loops_corners, uniq_grinder
D:4:      layout_loops_ring, lemuel_coloured_pillars_altar,
          nicolae_ossuary_entry_plus, uniq_pikel
Ossuary:  ossuary_tomb_1

Skill      XL: |  1  2  3  4  5  6 |
---------------+-------------------+-----
Dodging        | 2 |  2.3
Poison Magic   | 1 2 3 4 |  4.0
Transmutations | 3 4 |  4.2
Spellcasting   | 3 |  3.7
Fighting       | |  1.3
Unarmed Combat | |  3.0

Action                   |  1- 3 |  4- 6 || total
-------------------------+-------+-------++-------
Melee: Unarmed           |   139 |   253 ||   392
       Kick              |    24 |    59 ||    83
       Headbutt          |     7 |    33 ||    40
       Tailslap          |    15 |    16 ||    31
       Punch             |     2 |     4 ||     6
 Cast: Beastly Appendage |    29 |    37 ||    66
  Use: Scroll            |     3 |     3 ||     6
       Potion            |     1 |     5 ||     6
 Stab: Sleeping          |       |     1 ||     1
       Invisible         |       |     1 ||     1
Armor: Skin              |    38 |    77 ||   115
Dodge: Dodged            |    75 |   158 ||   233

Table legend: (Time is in decaauts)
 A = Elapsed time spent in this place.
 B = Non-inter-level travel time spent in this place.
 C = Inter-level travel time spent in this place.
 D = Time resting spent in this place.
 E = Time spent auto-exploring this place.
 F = Levels seen in this place.
 G = Mean time per level.
                   A        B        C        D        E       F      G
               +--------+--------+--------+--------+--------+-----+--------+
         Total |   3944 |   3879 |     65 |    278 |   1914 |   5 |  788.8 |
       Dungeon |   3457 |   3392 |     65 |    185 |   1914 |   4 |  864.2 |
       Ossuary |    486 |    486 |      0 |     93 |      0 |   1 |  486.0 |
               +--------+--------+--------+--------+--------+-----+--------+

Top non-repeatable levels by time:
     D:2: 1043 daAuts
     D:1: 994 daAuts
     D:3: 797 daAuts
     D:4: 622 daAuts
 Ossuary: 486 daAuts
